 Dungeon Crawl Stone Soup version 0.29.1-15-g9cfb28693d (webtiles) character file.

Game seed: 12191396910941991477

674 archetypered the Slasher (level 7, -9/61 HPs)
             Began as a Minotaur Monk on Feb 22, 2023.
             Shot with an arrow by a centaur (10 damage)
             ... on level 6 of the Dungeon.
             The game lasted 00:15:11 (2849 turns).

archetypered the Slasher (Minotaur Monk)            Turns: 2849, Time: 00:15:12

Health: -9/61      AC:  6    Str: 22    XL:     7   Next: 33%
Magic:  6/6        EV: 14    Int:  7    God:
Gold:   158        SH:  0    Dex: 14    Spells: 6/6 levels left

rFire   . . .      SeeInvis .   p - +1 scythe (protect)
rCold   . . .      Faith    .   (shield currently unavailable)
rNeg    . . .      Spirit   .   s - +0 leather armour
rPois   .          Reflect  .   (helmet restricted)
rElec   .          Harm     .   (no cloak)
rCorr   .          Rampage  .   (no gloves)
Will    .....                   i - +2 pair of boots
Stlth   ++........              (no amulet)
HPRegen 0.20/turn               j - +6 ring of strength
MPRegen 0.10/turn               (no ring)

@: no status effects
A: horns 2, retaliatory headbutt
a: no special abilities


You were on level 6 of the Dungeon.
You visited 1 branch of the dungeon, and saw 5 of its levels.

You collected 158 gold pieces.

Inventory:

Hand Weapons
 a - a +1 falchion
 g - a +1 dagger of venom
 p - a +1 scythe of protection (weapon)
Armour
 b - a +0 robe
 e - a scarf of harm
 f - a +0 chain mail
 i - a +2 pair of boots (worn)
 s - a +0 leather armour (worn)
Jewellery
 j - a +6 ring of strength (left hand)
Scrolls
 l - a scroll of fog
 n - a scroll of fear
 o - 3 scrolls of poison
 q - a scroll of teleportation {unknown}
 r - a scroll of summoning {unknown}
 v - a scroll of amnesia {unknown}
Potions
 c - a potion of ambrosia
 d - 2 potions of curing
 h - a potion of mutation {unknown}
 k - 2 potions of haste
 m - a potion of lignification {unknown}
 t - a potion of flight {unknown}
 u - a potion of attraction {unknown}


   Skills:
 + Level 5.3 Fighting
 + Level 6.9 Long Blades
 + Level 1.5 Polearms
 + Level 2.6 Armour
 + Level 5.4 Dodging
 + Level 2.5 Stealth


You had 6 spell levels left.
You didn't know any spells.
Your spell library was empty.

Dungeon Overview and Level Annotations

Branches:
Dungeon (4/15)
 Temple: D:4-7

Altars:

Shops:
D:4 *


Innate Abilities, Weirdness & Mutations

You have a pair of horns on your head.
You reflexively headbutt those who attack you in melee.


Message History

You headbutt the wight, but do no damage.
A wight comes into view. It is wielding a +2 halberd.
The wight attacks as you move away! The wight misses you.
You furiously retaliate!
You headbutt the wight!
The centaur shoots an arrow.
The arrow completely misses you. The phantom hits you.
* * * LOW HITPOINT WARNING * * *
The phantom attacks as you move away! The phantom closely misses you.
The phantom attacks as you move away! The phantom hits you.
* * * LOW HITPOINT WARNING * * *
Found a scroll of fear.
Found a stone staircase leading up.
The wight attacks as you move away! The wight barely misses you.
You furiously retaliate!
You headbutt the wight!
You destroy the wight!
The centaur shoots an arrow.
The arrow hits you!
* * * LOW HITPOINT WARNING * * *
The centaur shoots an arrow.
The arrow hits you.
* * * LOW HITPOINT WARNING * * *
The phantom hits you but does no damage.
You see here 16 gold pieces.
You feel better. The phantom closely misses you.
An iguana comes into view.
The wight closely misses you.
The centaur shoots an arrow.
The arrow closely misses you.
A wight comes into view. It is wielding a +0 mace.
The wight closely misses you.
Found a stone staircase leading up.
The centaur shoots an arrow.
The arrow closely misses you. The phantom hits you.
* * * LOW HITPOINT WARNING * * *
The phantom blinks!
You blink.
The centaur shoots an arrow.
The arrow closely misses you.
The iguana hisses angrily.
The phantom hits you but does no damage.
The phantom attacks as you move away! The phantom hits you.
* * * LOW HITPOINT WARNING * * *
The centaur shoots an arrow.
The arrow hits you.
* * * LOW HITPOINT WARNING * * *
The phantom hits you.
* * * LOW HITPOINT WARNING * * *
The centaur shoots an arrow.
The arrow hits you!
You die...

#.............#....
#...........>..?..
##..l##..#.......#
###z#...#.#..####
..#####.zz..#.#...#
#.................#
###.#....c.........
#..Wz..<.....
#....@.......
#.........###.#
#..........#
................
.................
.....##..........
..... ##.........
..... #.....##.#


You could see a phantom, a centaur, an iguana and 4 wights.

Vanquished Creatures
  Prince Ribbit (D:6)
  Sigmund (D:3)
  A bullfrog (D:3)
  A wight (D:6)
  A howler monkey (D:6)
  A hound (D:6)
  2 gnolls
  5 adders
  A worm (D:2)
  A dart slug (D:2)
  An orc (D:3)
  2 endoplasms
  2 giant cockroaches
  8 goblins
  4 hobgoblins (D:1)
  4 jackals (D:2)
  8 kobolds
  A quokka (D:2)
  8 ball pythons
  9 bats
  4 frilled lizards
  5 rats
71 creatures vanquished.

Notes
Turn   | Place    | Note
-------+----------+-------------------------------------------
     0 | D:1      | archetypered the Minotaur Monk began the quest for the Orb.
     0 | D:1      | Reached XP level 1. HP: 19/19 MP: 0/0
    19 | D:1      | Reached XP level 2. HP: 20/27 MP: 1/1
    23 | D:1      | Reached skill level 4 in Long Blades
   451 | D:1      | Reached XP level 3. HP: 33/33 MP: 2/2
   884 | D:2      | Found a faded altar of an unknown god.
  1211 | D:2      | Reached XP level 4. HP: 26/40 MP: 3/3
  1616 | D:3      | Noticed a bullfrog
  1620 | D:3      | Killed a bullfrog
  1621 | D:3      | Reached skill level 5 in Long Blades
  1621 | D:3      | Reached XP level 5. HP: 43/47 MP: 4/4
  2190 | D:3      | Noticed Sigmund
  2318 | D:3      | Killed Sigmund
  2319 | D:3      | Reached skill level 5 in Fighting
  2319 | D:3      | Reached skill level 6 in Long Blades
  2319 | D:3      | Reached skill level 1 in Armour
  2319 | D:3      | Reached XP level 6. HP: 16/56 MP: 5/5
  2766 | D:4      | Found Acsarr's General Store.
  2800 | D:4      | You fall into a shaft and drop 2 floors!
  2807 | D:6      | Noticed Prince Ribbit
  2819 | D:6      | Killed Prince Ribbit
  2820 | D:6      | Reached skill level 1 in Polearms
  2820 | D:6      | Reached skill level 5 in Dodging
  2820 | D:6      | Reached XP level 7. HP: 53/61 MP: 6/6
  2835 | D:6      | HP: 3/61 [centaur/arrow (3)]
  2848 | D:6      | HP: 1/61 [phantom (6)]
  2849 | D:6      | Shot with an arrow by a centaur

Illustrated notes

Levels and vault maps discovered:
D:1:      dreamdust_arrival_beginning_and_end, layout_basic
D:2:      layout_rooms, ebering_ecumenical_altar_abandoned
D:3:      layout_basic, minmay_misc_feat_four_crosses,
          minmay_fractal_squares_diagonal_5, uniq_sigmund
D:4:      minmay_wonky_spiral, layout_loops_ring,
          nzn_overflow_gifts_of_might_and_magic, minmay_misc_feat_pillars,
          nicolae_stop_n_shop_1, chequers_serial_rivers_micro_c, uniq_natasha
D:6:      layout_cave_pools, general_overflow_altar, old_standard_altar,
          uniq_prince_ribbit1

Skill      XL: |  1  2  3  4  5  6 |
---------------+-------------------+-----
Long Blades    | 4 5 6 |  6.9
Fighting       | 4 5 |  5.3
Dodging        | 4 5 |  5.4
Stealth        | 2 |  2.5
Armour         | 1 2 |  2.6
Polearms       | 1 |  1.5

Action                   |  1- 3 |  4- 6 |  7- 9 || total
-------------------------+-------+-------+-------++-------
Melee: Falchion          |    72 |    49 |       ||   121
       Headbutt          |    10 |     8 |       ||    18
       Punch             |     1 |       |       ||     1
       Halberd           |       |     4 |     5 ||     9
  Use: Scroll            |       |     8 |       ||     8
       Potion            |       |     1 |     1 ||     2
 Stab: Sleeping          |     1 |       |       ||     1
Armor: Robe              |    30 |     8 |       ||    38
       Leather armour    |       |    11 |     4 ||    15
Dodge: Dodged            |    77 |    62 |    18 ||   157
